 Dungeon Crawl Stone Soup version 0.31.0-9-g3a7656b989 (webtiles) character file.

Game seed: 4076130869750898952

11 Eitelfritz the Slasher (level 2, -3/25 HPs)
             Began as a Minotaur Gladiator on Jan 26, 2024.
             Slain by a gnoll
             ... wielding a +0 halberd
              (6 damage)
             ... on level 2 of the Dungeon.
             The game lasted 00:00:30 (356 turns).

Eitelfritz the Slasher (Minotaur Gladiator)          Turns: 356, Time: 00:00:30

Health: -3/25      AC:  6    Str: 18    XL:     2   Next: 17%
Magic:  1/1        EV: 10    Int:  5    God:
Gold:   17         SH:  0    Dex: 11    Spells: 1/1 levels left

rFire   . . .        a - +0 long sword
rCold   . . .        (no shield)
rNeg    . . .        j - +0 scale mail
rPois   .            c - +0 hat
rElec   .            (no cloak)
rCorr   .            (no gloves)
SInv    .            (no boots)
Will    .....        (no amulet) Stlth
                     (no ring)
HPRegen 0.24/turn    (no ring)
MPRegen 0.07/turn

%: no passive effects
@: no status effects
A: horns 2, retaliatory headbutt
a: no special abilities


You were on level 2 of the Dungeon.
You visited 1 branch of the dungeon, and saw 2 of its levels.

You collected 17 gold pieces.

Inventory:

Hand Weapons
 a - a +0 long sword (weapon)
Missiles
 d - 3 throwing nets (quivered)
 e - a javelin
Armour
 c - a +0 hat (worn)
 j - a +0 scale mail (worn)
Scrolls
 b - a scroll of teleportation {unknown}
 h - a scroll of identify {unknown}
Potions
 f - a potion of mutation {unknown}
 g - a potion of degeneration {unknown}
 i - a potion of cancellation {unknown}


   Skills:
 + Level 2.4 Fighting
 + Level 4.1 Long Blades
 + Level 2.0 Throwing
 + Level 3.6 Dodging


You had one spell level left.
You didn't know any spells.
Your spell library was empty.

Dungeon Overview and Level Annotations

Branches:
Dungeon (2/15)

Altars:


Innate Abilities, Weirdness & Mutations

You have a pair of horns on your head.
You reflexively headbutt those who attack you in melee.


Message History

The slug dart hits you.
Things that are here:
a +0 short sword; 2 stones; a kobold corpse The giant cockroach bites you but does no damage.
You closely miss the giant cockroach.
The giant cockroach bites you but does no damage.
You slash the giant cockroach!
You kill the giant cockroach!
The dart slug launches a dart at you.
The slug dart hits you but does no damage.
Things that are here:
a +0 short sword; 2 stones; a kobold corpse The dart slug barely misses you.
You hit the dart slug but do no damage. You headbutt the dart slug!
The dart slug is almost dead.
The dart slug bites you but does no damage.
You hit the dart slug.
You kill the dart slug!
Your Long Blades skill increases to level 4!
You have reached level 2!
An endoplasm comes into view.
The endoplasm quivers.
Found a stone staircase leading down.
A gnoll comes into view. It is wielding a +0 halberd.
The endoplasm freezes you.
You are frozen.
You hit the endoplasm but do no damage. The endoplasm hits you.
You hit the endoplasm. You headbutt the endoplasm.
You kill the endoplasm!
The gnoll hits you from afar with a +0 halberd.
A gnoll comes into view. It is wielding a +0 flail.
The gnoll shouts!
You hear a shout! x3
The gnoll hits you with a +0 halberd!
Ouch! That really hurt!
* * * LOW HITPOINT WARNING * * *
You hit the gnoll.
The gnoll is lightly wounded.
A gnoll comes into view.
It is wielding a +0 spear and quivering a throwing net.
The gnoll hits you with a +0 halberd.
You die...

#.#.# #######.#.#
..........# #
#######.#.# #g#
#)#.#
....########.#.#
....g.......†..#
#.....##...#.#.#
......g@.....#..#
.............# .#
...#............#
# ##.##...###..#
... ##.## >.#
###. #.# .# . ..#
# # #.# .#


You could see 3 gnolls.

Vanquished Creatures
  A dart slug (D:2)
  A ribbon worm (D:2)
  An endoplasm (D:2)
  A giant cockroach (D:2)
  2 ball pythons
  A frilled lizard (D:1)
  A kobold (D:2)
  A rat (D:2)
9 creatures vanquished.

Notes
Turn   | Place    | Note
-------+----------+-------------------------------------------
     0 | D:1      | Eitelfritz the Minotaur Gladiator began the quest for the
                  | Orb.
     0 | D:1      | Reached XP level 1. HP: 18/18 MP: 0/0
   212 | D:1      | You fall into a shaft and drop 1 floor!
   346 | D:2      | Reached skill level 4 in Long Blades
   346 | D:2      | Reached XP level 2. HP: 23/25 MP: 1/1
   356 | D:2      | Slain by a gnoll

Illustrated notes

Levels and vault maps discovered:
D:1:      dpeg_arrival_round_c, layout_basic, shapermc_ecumenical_altar_pompeii,
          serial_shops, shop
D:2:      layout_loops_ring, basic_altar, serial_shops,
          nicolae_shop_behind_doors

Skill      XL: |  1 |
---------------+----+-----
Long Blades    | 4 |  4.1
Fighting       | |  2.4
Throwing       | |  2.0
Dodging        | |  3.6

Action                     || total
---------------------------++-------
  Melee: Long sword        ||    17
         Headbutt          ||     4
 Armour: Scale mail        ||    11
         Leather armour    ||     2
  Dodge: Dodged            ||     9
